 Dungeon Crawl Stone Soup version 0.29.1-12-g30fa7ad0bf (webtiles) character file.

Game seed: 18057370888467955323

9727 sillycutie the Severer (level 11, -2/100 HPs)
             Began as a Minotaur Berserker on Jan 10, 2023.
             Was a Believer of Trog.
             Slain by a killer bee (5 damage)
             ... on level 10 of the Dungeon on Jan 11, 2023.
             The game lasted 01:15:05 (11264 turns).

sillycutie the Severer (Minotaur Berserker)        Turns: 11264, Time: 01:15:05

Health: -2/100     AC: 20    Str: 26    XL:     11   Next: 26%
Magic:  10/10      EV:  8    Int:  4    God:    Trog [**....]
Gold:   539        SH:  0    Dex: 10    Spells: 10/10 levels left

rFire   . . .      SeeInvis .   f - +2 war axe
rCold   . . .      Faith    .   (no shield)
rNeg    . . .      Spirit   .   e - +1 plate armour
rPois   +          Reflect  .   (helmet restricted)
rElec   .          Harm     .   m - +2 cloak
rCorr   .          Rampage  .   c - +0 pair of gloves
Will    .....                   (no boots)
Stlth   ..........              (no amulet)
HPRegen 0.26/turn               y - ring of poison resistance
MPRegen 0.12/turn               u - +4 ring of slaying

@: lethally poisoned (-2 -> -4), on berserk cooldown, slowed, invisible
(expiring), very slow
A: horns 2, retaliatory headbutt
a: Renounce Religion, Berserk, Trog's Hand


You were on level 10 of the Dungeon.
You worshipped Trog.
Trog was pleased with you.
You visited 1 branch of the dungeon, and saw 10 of its levels.

You collected 539 gold pieces.

Inventory:

Hand Weapons
 f - a +2 war axe (weapon)
 G - a +2 morningstar of protection
Armour
 c - a +0 pair of gloves (worn)
 e - a +1 plate armour (worn)
 m - a +2 cloak (worn)
Jewellery
 k - an amulet of faith
 u - a +4 ring of slaying (right hand)
 y - a ring of poison resistance (left hand)
Wands
 g - a wand of flame (8)
 n - a wand of acid (8)
 q - a wand of roots (9)
 B - a wand of charming (24)
Scrolls
 a - a scroll of torment
 d - a scroll of vulnerability
 h - 5 scrolls of magic mapping
 i - a scroll of silence
 o - 2 scrolls of blinking
 w - 4 scrolls of fear
 A - a scroll of immolation {unknown}
Potions
 j - 3 potions of curing
 l - a potion of mutation
 r - 3 potions of haste
 t - 4 potions of attraction
 E - 2 potions of flight
 F - 2 potions of lignification


   Skills:
 + Level 10.2 Fighting
 - Level 16.0 Axes
 + Level 9.9 Armour
 - Level 3.8 Dodging


You had 10 spell levels left.
You didn't know any spells.
Your spell library was empty.

Dungeon Overview and Level Annotations

Branches:
Dungeon (10/15)            Temple (0/1) D:6             Orc (0/2) D:10
   Lair: D:8-11

Altars:
Cheibriados
Elyvilon
Qazlal
Sif Muna
Uskayaw
Xom
Yredelemnul
Zin

Annotations:
D:5 2 transporters, OhItsWolfy's ghost, amateur GrHu
D:10 Psyche; Sonja


Innate Abilities, Weirdness & Mutations

You have a pair of horns on your head.
You reflexively headbutt those who attack you in melee.


Message History

You hear a shout!
Blink to where?
Press: ? - help, Dir - move target
Okay, then.
Unknown command.
You are too injured to fight recklessly!
You slash the killer bee!
The killer bee is severely wounded.
You closely miss something. You barely miss the killer bee.
You feel sick.
The killer bee buzzes angrily.
Something hits you!
* * * LOW HITPOINT WARNING * * *
The killer bee closely misses you. You furiously retaliate!
You headbutt the killer bee!
You kill the killer bee!
Trog accepts your kill.
The killer bee stings you but does no damage.
The killer bee barely misses you. You furiously retaliate!
You headbutt the killer bee!
You kill the killer bee!
Trog accepts your kill.
A killer bee comes into view.
You hear some strange, mumbled words.
A puff of flame appears from out of thin air!
The puff of flame hits the orc wizard.
The orc wizard resists.
The killer bee moves out of view.
The orc wizard shouts!
You barely miss the orc wizard.
The orc wizard is almost dead.
You slice something!!
You feel sick.
The killer bee buzzes angrily.
Something hits you.
* * * LOW HITPOINT WARNING * * *
The orc wizard barely misses you.
You flicker for a moment.
* * * LOW HITPOINT WARNING * * *
You feel sick.
The killer bee buzzes angrily.
Something completely misses you. The killer bee stings you.
You die...

#### #... . #..#
... #..# ##### .
.....#..####...##
.
.........o..o.o.#
##
....#########o#.#
. .# . #.#.#....
.# #@y...... .#
#..........+ ##
^....#####.# ..
.#)...# #.# ..
..#....# #.# ..
.. #.##.# #.# ..
### #..#.+ #.#..#
## ...#.#
#.#..####
#.#####.#......


You could see a killer bee (wandering, unable to see you), an orc wizard (unable
to see you) and 2 orcs.

Vanquished Creatures
  Snorg (D:10)
  A two-headed ogre (D:10)
  Pikel (D:4)
  2 trolls
  Sigmund (D:2)
  2 wyverns
  11 yaks (D:9)
  Edmund (D:4)
  An acid dragon (D:8)
  3 water moccasins
  2 sky beasts
  2 black bears (D:5)
  An ice beast (D:7)
  3 orc warriors
  6 ogres
  2 centaurs
  A lemure (D:4)
  A kobold brigand (D:9)
  3 scorpions
  3 bullfrogs
  2 gnoll sergeants
  A wyvern zombie (D:5)
  2 necrophages (D:7)
  9 wights
  14 killer bees
  2 bullfrog zombies (D:5)
  2 centaur zombies (D:5)
  5 hounds
  2 gnoll boudas
  11 orc priests
  3 iguanas
  2 jellies (D:8)
  Crazy Yiuf (D:2)
  A scorpion zombie (D:5)
  5 orc wizards
  A mummy (D:9)
  16 gnolls
  9 adders
  2 white imps
  2 ufetubi
  3 worms
  5 dart slugs
  15 orcs
  8 ball pythons
  3 bats
  7 giant cockroaches
  5 goblins
  3 hobgoblins
  5 jackals
  12 kobolds
  4 quokkas
  4 frilled lizards (D:2)
  9 rats
223 creatures vanquished.

Vanquished Creatures (others)
  A two-headed ogre (D:10)
1 creature vanquished.

Grand Total: 224 creatures vanquished

Notes
Turn   | Place    | Note
-------+----------+-------------------------------------------
     0 | D:1      | sillycutie the Minotaur Berserker began the quest for the
                  | Orb.
     0 | D:1      | Reached XP level 1. HP: 19/19 MP: 0/0
   184 | D:1      | Reached XP level 2. HP: 26/27 MP: 1/1
   416 | D:1      | Reached skill level 4 in Axes
   512 | D:1      | Reached XP level 3. HP: 32/33 MP: 2/2
   640 | D:1      | Found a faded altar of an unknown god.
   885 | D:2      | Noticed Sigmund
   897 | D:2      | Killed Sigmund
   898 | D:2      | Reached XP level 4. HP: 27/41 MP: 3/3
   898 | D:2      | Reached XP level 5. HP: 31/47 MP: 4/4
  1370 | D:2      | Reached skill level 5 in Fighting
  1370 | D:2      | Reached skill level 5 in Axes
  1574 | D:2      | Reached ** piety under Trog
  2195 | D:2      | Found a runed translucent door.
  2196 | D:2      | Noticed Crazy Yiuf
  2342 | D:2      | Killed Crazy Yiuf
  2343 | D:2      | Reached XP level 6. HP: 56/56 MP: 5/5
  3589 | D:3      | Reached skill level 6 in Axes
  3603 | D:3      | Reached skill level 7 in Axes
  3725 | D:4      | Noticed Edmund
  3746 | D:4      | Killed Edmund
  3747 | D:4      | Reached XP level 7. HP: 61/61 MP: 6/6
  4037 | D:4      | Found the +6 shillelagh "Devastator" {shatter}
  4045 | D:4      | Reached skill level 8 in Axes
  4250 | D:4      | Found a glowing silver altar of Zin.
  4315 | D:4      | Noticed Pikel
  4325 | D:4      | Killed Pikel
  4326 | D:4      | Reached skill level 10 in Axes
  4326 | D:4      | Reached XP level 8. HP: 68/68 MP: 7/7
  4753 | D:5      | Entered Level 5 of the Dungeon
  4774 | D:5      | Reached skill level 11 in Axes
  5064 | D:5      | Found a transporter.
  5110 | D:5      | Noticed OhItsWolfy's ghost (amateur GrHu)
  5137 | D:5      | Found a transporter.
  5138 | D:5      | Identified the +5 dire flail of the Keeping Oracle {vorpal,
                  | SInv}
  5345 | D:5      | Reached skill level 12 in Axes
  5401 | D:5      | Found a stormy altar of Qazlal.
  5454 | D:5      | Found a basalt altar of Yredelemnul.
  5523 | D:5      | Reached skill level 13 in Axes
  5523 | D:5      | Reached XP level 9. HP: 71/74 MP: 8/8
  5883 | D:6      | Found a staircase to the Ecumenical Temple.
  6438 | D:6      | Reached skill level 14 in Axes
  6923 | D:6      | Found a shimmering altar of Xom.
  7287 | D:7      | Reached skill level 15 in Axes
  8512 | D:7      | Reached skill level 16 in Axes
  8512 | D:7      | Reached XP level 10. HP: 81/81 MP: 9/9
  9546 | D:9      | Reached skill level 5 in Armour
  9815 | D:9      | Found a shimmering blue altar of Sif Muna.
  9911 | D:9      | Found a hide-covered altar of Uskayaw.
 10179 | D:9      | Found a snail-covered altar of Cheibriados.
 10466 | D:9      | Found a white marble altar of Elyvilon.
 10555 | D:10     | Entered Level 10 of the Dungeon
 10615 | D:10     | Reached XP level 11. HP: 73/97 MP: 10/10
 10989 | D:10     | Noticed Snorg
 11001 | D:10     | Killed Snorg
 11220 | D:10     | Noticed Sonja
 11221 | D:10     | Found a staircase to the Orcish Mines.
 11225 | D:10     | Noticed a two-headed ogre
 11232 | D:10     | Noticed a two-headed ogre
 11237 | D:10     | Killed a two-headed ogre
 11238 | D:10     | Reached skill level 10 in Fighting
 11238 | D:10     | Noticed Psyche
 11247 | D:10     | Killed a two-headed ogre
 11263 | D:10     | HP: 5/100 [poisoned by a killer bee]
 11264 | D:10     | Slain by a killer bee

Illustrated notes

Levels and vault maps discovered:
D:1:      lightli_arrival_boilingwater, layout_basic,
          ebering_ecumenical_altar_petrified, palyth_stone_intersect
D:2:      layout_rooms, uniq_sigmund, uniq_crazy_yiuf_cottage
D:3:      layout_basic, reono_crystal_passage
D:4:      layout_basic, mainiacjoe_overflow_24_doors,
          dilly_guarded_unrand_devastator, uniq_pikel, uniq_edmund
D:5:      layout_gridville, nicolae_qazlal_scattered_showers,
          nicolae_yredelemnul_corpse_copse, gammafunk_ghost_smash
D:6:      layout_loops_ring, mainiacjoe_overflow_alcove_4,
          minmay_temple_entry_glassed_door
D:7:      layout_rooms
D:8:      layout_basic, kennysheep_small_circle
D:9:      layout_small_grid, mainiacjoe_overflow_paths, kennysheep_little_box,
          slow_altar_1, nicolae_sif_muna_condensation, minivault_21,
          kennysheep_generic_room_3
D:10:     layout_irregular_city, pf_just_have_faith, lemuel_tele_altar,
          orc_0_dummy, uniq_snorg, uniq_psyche, uniq_sonja, uniq_urug,
          uniq_erica

Skill      XL: |  1  2  3  4  5  6  7  8  9 10 11 |
---------------+----------------------------------+-----
Axes           | 4 5 7 10 13 16 | 16.0
Fighting       | 4 5 9 10 | 10.2
Armour         | 3 4 8 9 |  9.9
Dodging        | 3 |  3.8

Action                   |  1- 3 |  4- 6 |  7- 9 | 10-12 || total
-------------------------+-------+-------+-------+-------++-------
Melee: Hand axe          |    48 |   107 |   227 |    11 ||   393
       Punch             |     1 |       |     3 |     1 ||     5
       Headbutt          |     5 |    20 |    47 |    32 ||   104
       War axe           |       |       |       |   148 ||   148
Invok: Berserk           |     2 |     5 |     6 |     7 ||    20
       Trog's Hand       |       |     3 |     6 |     7 ||    16
  Use: Scroll            |     1 |     5 |    11 |     9 ||    26
       Potion            |       |       |     1 |     2 ||     3
Armor: Animal skin       |     2 |       |       |       ||     2
       Ring mail         |    10 |    23 |       |       ||    33
       Chain mail        |       |       |    89 |       ||    89
       Plate armour      |       |       |    14 |    92 ||   106
Dodge: Dodged            |    25 |    56 |    67 |    47 ||   195
